 Dungeon Crawl Stone Soup version 0.29-a0-284-gf9362112df (webtiles) character file.

Game seed: 15703786693481921636

46 rabbitsville the Stinger (level 3, 0/19 HPs)
             Began as a Gargoyle Venom Mage on Mar 28, 2022.
             Slain by an orc
             ... wielding a +0 mace
              (6 damage)
             ... on level 3 of the Dungeon.
             The game lasted 00:07:54 (1741 turns).

rabbitsville the Stinger (Gargoyle Venom Mage)      Turns: 1741, Time: 00:07:55

Health: 0/19       AC:  8    Str: 11    XL:     3   Next: 66%
Magic:  1/6        EV: 11    Int: 24    God:
Gold:   156        SH:  0    Dex: 10    Spells: 6/7 levels left

rFire   . . .      SeeInvis .   e - +0 short sword
rCold   . . .      Faith    .   (no shield)
rNeg    + . .      Spirit   .   a - +0 robe
rPois   ∞          Reflect  .   (no helmet)
rElec   +          Harm     .   (no cloak)
rCorr   +          Rampage  .   (no gloves)
Will    .....                   g - +2 pair of boots of the Trees {rCorr Int+7}
Stlth   ++........              (no amulet)
HPRegen 0.06/turn               (no ring)
MPRegen 0.10/turn               (no ring)

@: no status effects
A: sickness immunity, AC +3, negative energy resistance 1, electricity
resistance, torment resistance 1, petrification resistance
a: no special abilities


You were on level 3 of the Dungeon.
You visited 1 branch of the dungeon, and saw 3 of its levels.

You collected 156 gold pieces.

Inventory:

Hand Weapons
 e - a +0 short sword (weapon)
Armour
 a - a +0 robe (worn)
 g - the +2 pair of boots of the Trees (worn) {rCorr Int+7}
   (You found it on level 2 of the Dungeon)

   Int:       It affects your intelligence (+7).
   rCorr:     It protects you from acid and corrosion.
Jewellery
 i - a ring of ice
Scrolls
 c - a scroll of blinking {unknown}
 d - a scroll of identify {unknown}
 f - 4 scrolls of vulnerability {unknown}
 j - a scroll of teleportation {unknown}
 l - a scroll of noise {unknown}
 m - a scroll of amnesia {unknown}
 n - a scroll of holy word {unknown}
Potions
 b - a potion of magic
 h - a potion of flight {unknown}
 k - a potion of curing {unknown}


   Skills:
 - Level 1.5 Dodging
 - Level 2.1 Stealth
 + Level 2.6 Spellcasting
 - Level 0.7 Transmutations
 + Level 0.0 Air Magic
 * Level 4.1 Poison Magic


You had 6 spell levels left.
You knew the following spells:

 Your Spells              Type           Power      Damage    Failure   Level
a - Sting                 Tmut/Pois      56%        1d5       4%          1

Your spell library contained the following spells:

 Spells                   Type           Power      Damage    Failure   Level
 Poisonous Vapours        Pois/Air       26%        N/A       8%          2
 Mephitic Cloud           Conj/Pois/Air  9%         N/A       19%         3
 Olgreb's Toxic Radiance  Pois           22%        N/A       21%         4


Dungeon Overview and Level Annotations

Branches:
Dungeon (3/15)

Altars:

Shops:
D:2 ((


Innate Abilities, Weirdness & Mutations

You are immune to sickness and miasma.
Your stone body is resilient. (AC +3)
You are immune to poison.
You resist negative energy. (rN+)
You are resistant to electric shocks. (rElec)
You are resistant to unholy torment.
You are immune to petrification.


Message History

Unknown command.
Aiming: Sting (safe; 4% risk of failure)
Press: ? - help, Q - select action Shift-Dir - straight line, f - orc, p - orc
Aim: an orc, wielding a +0 mace (71% to hit)
The sting hits the orc but does no damage.
The orc looks even sicker.
The orc attacks as you move away! The orc hits you with a +0 dagger.
Aiming: Sting (safe; 4% risk of failure)
Press: ? - help, Q - select action Shift-Dir - straight line, f/p - orc
Aim: an orc, wielding a +0 mace (71% to hit)
The sting hits the orc.
The orc looks even sicker.
You kill the orc!
You don't have enough magic to cast this spell.
You don't have enough magic to cast this spell.
Aiming: Sting (safe; 4% risk of failure)
Press: ? - help, Q - select action Shift-Dir - straight line, f/p - orc
Aim: an orc, wielding a +0 mace (71% to hit)
The sting misses the orc.
The orc attacks as you move away! The orc barely misses you.
The orc attacks as you move away! The orc hits you but does no damage.
The orc attacks as you move away! The orc hits you but does no damage.
The orc attacks as you move away! The orc hits you with a +0 mace.
The orc attacks as you move away! The orc barely misses you.
The orc attacks as you move away! The orc completely misses you.
Aiming: Sting (safe; 4% risk of failure)
Press: ? - help, Q - select action Shift-Dir - straight line, f/p - orc
Aim: an orc, wielding a +0 mace (71% to hit)
The sting hits the orc.
The orc is poisoned.
The orc is heavily wounded.
The orc misses you.
Aiming: Sting (safe; 4% risk of failure)
Press: ? - help, Q - select action Shift-Dir - straight line, f/p - orc
Aim: an orc, wielding a +0 mace (severely wounded, poisoned, 71% to hit)
Okay, then.
You closely miss the orc.
The orc is severely wounded.
The orc barely misses you. The orc attacks as you move away!
The orc hits you with a +0 mace. The orc attacks as you move away!
The orc hits you with a +0 mace.
You die...

#.# .# #### #.# .# #.( #<##.
#.# # ##### #.#.. ####.# .###
...# #.#.# #..o.######....
#.###.#.# #.o..........#
#.....#.######@####.......#
#.....†[.......# #.##.##.#
#.#####.######<# #.#...#.#.
###.# #.##.###.####o†._.....
....#####.#.#.........#...#...
...†.†.)..........###.##.## #
.########.##.###.## #......
.................# #######.
..########.#.###.# ..


You could see 2 orcs.

Vanquished Creatures
  An adder (D:3)
  A worm (D:2)
  A dart slug (D:2)
  2 orcs
  2 endoplasms (D:2)
  A giant cockroach (D:1)
  2 goblins
  5 hobgoblins
  A quokka (D:1)
  2 ball pythons (D:3)
  5 bats
  A frilled lizard (D:1)
  A kobold (D:1)
  4 rats
29 creatures vanquished.

Notes
Turn   | Place    | Note
-------+----------+-------------------------------------------
     0 | D:1      | rabbitsville the Gargoyle Venom Mage began the quest for
                  | the Orb.
     0 | D:1      | Reached XP level 1. HP: 10/10 MP: 3/3
   705 | D:1      | Reached XP level 2. HP: 15/15 MP: 3/5
  1010 | D:2      | Identified the +2 pair of boots of the Trees {rCorr Int+7}
  1066 | D:2      | Found Dutwuhiq's Weapon Shop.
  1128 | D:2      | Reached XP level 3. HP: 19/19 MP: 1/6
  1545 | D:2      | Found Teqyogu's Weapon Shoppe.
  1601 | D:3      | Found a faded altar of an unknown god.
  1661 | D:3      | Reached skill level 4 in Poison Magic
  1741 | D:3      | Slain by an orc

Illustrated notes

Levels and vault maps discovered:
D:1:      dreamdust_arrival_beginning_and_end, layout_basic,
          minmay_indecisive_spiral
D:2:      layout_rooms, serial_shops, shop, nicolae_shop_trees,
          nrook_loot_triangle
D:3:      layout_loops_ring, ebering_ecumenical_altar_box, serial_shops,
          nicolae_shop_stone, minmay_quadrilaterals

Skill      XL: |  1  2  3 |
---------------+----------+-----
Poison Magic   | 4 |  4.1
Dodging        | |  1.5
Stealth        | |  2.1
Spellcasting   | |  2.6
Transmutations | |  0.7

Action                   || total
-------------------------++-------
Melee: Unarmed           ||    11
       Short sword       ||    31
 Cast: Sting             ||    46
Armor: Robe              ||    30
Dodge: Dodged            ||    37

Table legend: (Time is in decaauts)
 A = Elapsed time spent in this place.
 B = Non-inter-level travel time spent in this place.
 C = Inter-level travel time spent in this place.
 D = Time resting spent in this place.
 E = Time spent auto-exploring this place.
 F = Levels seen in this place.
 G = Mean time per level.
                   A        B        C        D        E       F      G
               +--------+--------+--------+--------+--------+-----+--------+
         Total |   1743 |   1713 |     30 |    267 |    929 |   3 |  581.0 |
       Dungeon |   1743 |   1713 |     30 |    267 |    929 |   3 |  581.0 |
               +--------+--------+--------+--------+--------+-----+--------+

Top non-repeatable levels by time:
     D:1: 966 daAuts
     D:2: 615 daAuts
     D:3: 161 daAuts
